NCAA
MICHIGAN STATE SPARTANS @ SETON HALL PIRATES
04/29/2023
 
TOP OF THE 1ST
Michigan State Spartans batting - Pitching for Seton Hall Pirates : RHP Steve Taylor
Pitching: RHP Steve Taylor
Batting: RHB Mike Copeland 0-0: Ground out 3-1 (Groundball, 34)
Batting: LHB Troy Jackson 0-0: Ball
1-0: Ball
2-0: Ball
3-0: Called Strike
3-1: Called Strike
3-2: Foul Ball, location: 2F
3-2: DOUBLE (Line Drive, 3)
Batting: SHB Wayne Matthews 0-0: Ball
Wild Pitch!
Troy Jackson to third
1-0: Ball
2-0: Swinging Strike
2-1: Ball
3-1: Fly out, F7 (Flyball, 78M)
Runner from 3rd tags up, SCORES, throw made
Batting: LHB Raúl Casillán 0-0: Ball
1-0: SINGLE (Line Drive, 34D)
Batting: LHB Billy Anderson 0-0: Swinging Strike
0-1: Ball
1-1: Ball
Raúl Casillán is caught stealing 2nd base
Top of the 1st over - 1 run(s), 2 hit(s), 0 error(s), 0 left on base; Michigan State 1 - Seton Hall 0
BOTTOM OF THE 1ST
Seton Hall Pirates batting - Pitching for Michigan State Spartans : RHP José Martínez
Pitching: RHP José Martínez
Batting: RHB Michael White 0-0: Foul Ball, location: 2F
0-1: Ball
1-1: Ball
2-1: Foul Ball, location: 2F
2-2: Reached on error, E4 (Groundball, 4)
Batting: RHB Herb Newman 0-0: Ball
1-0: Ground out 5-3 (Groundball, 56S)
Michael White to third
Batting: LHB Craig White 0-0: Ball
1-0: Called Strike
1-1: Ball
2-1: Called Strike
2-2: SINGLE (Groundball, 4MD)
Michael White scores
Batting: RHB Carlos Guevara 0-0: Ball
1-0: Grounds into double play, U6-3 (Groundball, 6M)
Bottom of the 1st over - 1 run(s), 1 hit(s), 1 error(s), 0 left on base; Michigan State 1 - Seton Hall 1
TOP OF THE 2ND
Michigan State Spartans batting - Pitching for Seton Hall Pirates : RHP Steve Taylor
Batting: LHB Billy Anderson 0-0: Ball
1-0: Swinging Strike
1-1: Ball
2-1: Swinging Strike
2-2: Foul Ball, location: 2F
2-2: Foul Ball, location: 2F
2-2: Ball
3-2: Fly out, F8 (Line Drive, 8LM)
Batting: RHB Juan García 0-0: Ball
1-0: Called Strike
1-1: Ball
2-1: Foul Ball, location: 2F
2-2: Foul Ball, location: 2F
2-2: Fly out, F2 (Popup, 2RF)
Batting: SHB Joe Hanson 0-0: Called Strike
0-1: Foul Ball, location: 2F
0-2: Ball
1-2: Ball
2-2: Foul Ball, location: 2F
2-2: Ball
3-2: Strikes out swinging
Top of the 2nd over - 0 run(s), 0 hit(s), 0 error(s), 0 left on base; Michigan State 1 - Seton Hall 1
BOTTOM OF THE 2ND
Seton Hall Pirates batting - Pitching for Michigan State Spartans : RHP José Martínez
Batting: LHB Mike Pearson 0-0: Swinging Strike
0-1: Swinging Strike
0-2: Foul Ball, location: 2F
0-2: Ball
Error on foul ball, E7
1-2: SINGLE (Groundball, 34D)
Batting: SHB Bob Jordan 0-0: Called Strike
0-1: SINGLE (Line Drive, 6MD)
Mike Pearson to second
Batting: RHB Kurt Hart 0-0: Swinging Strike
0-1: Foul Ball, location: 2F
0-2: SINGLE (Line Drive, 89M)
Mike Pearson to third
Bob Jordan to second
Runner from 3rd tries for Home, SAFE, no throw or cutoff
Batting: RHB Jerry Ward 0-0: SINGLE (Line Drive, 56D)
Bob Jordan to third
Kurt Hart to second
Batting: SHB Michael Miller 0-0: Called Strike
0-1: SINGLE (Line Drive, 6MD)
Bob Jordan scores
Kurt Hart to third
Jerry Ward to second
Runner from 3rd tries for Home, SAFE, no throw or cutoff
Batting: RHB Michael White 0-0: Foul Ball, location: 2F
0-1: SINGLE (Line Drive, 8RS)
Jerry Ward to third
Michael Miller to second
Batting: RHB Herb Newman 0-0: Foul Ball, location: 2F
0-1: Swinging Strike
0-2: Strikes out looking
Batting: LHB Craig White 0-0: Ball
1-0: Ball
2-0: Ball
3-0: Base on Balls
Jerry Ward scores
Michael Miller to third
Michael White to second
Batting: RHB Carlos Guevara 0-0: Fly out, F8 (Line Drive, 8RM)
Runner from 3rd tags up, SCORES, no throw
Batting: LHB Mike Pearson 0-0: Called Strike
0-1: Ball
1-1: Ball
2-1: Foul Ball, location: 2F
2-2: Foul Ball, location: 2F
2-2: Fly out, F7 (Flyball, 7M)
Bottom of the 2nd over - 5 run(s), 6 hit(s), 1 error(s), 2 left on base; Michigan State 1 - Seton Hall 6
TOP OF THE 3RD
Michigan State Spartans batting - Pitching for Seton Hall Pirates : RHP Steve Taylor
Batting: RHB Donald Brampton 0-0: Ball
1-0: Bunted foul
1-1: Ball
2-1: Ground out 4-3 (Groundball, 34)
Batting: SHB Edmond Richardson 0-0: Called Strike
0-1: Swinging Strike
0-2: SINGLE (Groundball, 4M)
Batting: RHB Mike Copeland 0-0: Called Strike
0-1: Called Strike
0-2: SINGLE (Groundball, 56)
Edmond Richardson to second
Batting: LHB Troy Jackson 0-0: Called Strike
0-1: Ball
1-1: Called Strike
1-2: Fly out, F7 (Flyball, 78M)
Batting: SHB Wayne Matthews 0-0: Ball
1-0: Ball
2-0: SINGLE (Line Drive, 4D)
Edmond Richardson to third
Mike Copeland to second
Throwing error, E9
Edmond Richardson scores
Mike Copeland to third
Wayne Matthews to second
Batting: LHB Raúl Casillán 0-0: Ball
1-0: Called Strike
1-1: Ball
2-1: Fly out, F7 (Flyball, 78S)
Top of the 3rd over - 1 run(s), 3 hit(s), 1 error(s), 2 left on base; Michigan State 2 - Seton Hall 6
BOTTOM OF THE 3RD
Seton Hall Pirates batting - Pitching for Michigan State Spartans : RHP José Martínez
Batting: SHB Bob Jordan 0-0: Ball
1-0: Swinging Strike
1-1: Ball
2-1: Foul Ball, location: 2F
2-2: Foul Ball, location: 2F
2-2: Strikes out swinging
Batting: RHB Kurt Hart 0-0: Called Strike
0-1: SOLO HOME RUN (Flyball, 7D), Distance : 351 ft
Batting: RHB Jerry Ward 0-0: Called Strike
0-1: Ground out 6-3 (Groundball, 6)
Batting: SHB Michael Miller 0-0: Ball
1-0: Swinging Strike
1-1: Ball
2-1: Fly out, F8 (Line Drive, 8RM)
Bottom of the 3rd over - 1 run(s), 1 hit(s), 0 error(s), 0 left on base; Michigan State 2 - Seton Hall 7
TOP OF THE 4TH
Michigan State Spartans batting - Pitching for Seton Hall Pirates : RHP Steve Taylor
Batting: LHB Billy Anderson 0-0: Foul Ball, location: 2F
0-1: Ball
1-1: Ball
2-1: Swinging Strike
2-2: Strikes out swinging
Batting: RHB Juan García 0-0: Called Strike
0-1: Ball
1-1: Ball
2-1: Ball
3-1: Base on Balls
Batting: SHB Joe Hanson 0-0: Called Strike
0-1: Swinging Strike
0-2: Ball
1-2: Foul Ball, location: 2F
1-2: Ball
2-2: Ball
3-2: Ground out 4-3 (Groundball, 4M)
Juan García to second
Batting: RHB Donald Brampton 0-0: Fly out, F3 (Popup, 3F)
Top of the 4th over - 0 run(s), 0 hit(s), 0 error(s), 1 left on base; Michigan State 2 - Seton Hall 7
BOTTOM OF THE 4TH
Seton Hall Pirates batting - Pitching for Michigan State Spartans : RHP José Martínez
Pitching: RHP Michael Wilkins
Batting: RHB Michael White 0-0: Ball
1-0: Swinging Strike
1-1: Ball
2-1: Ball
3-1: Foul Ball, location: 2F
3-2: Strikes out swinging
Batting: RHB Herb Newman 0-0: Ball
1-0: Called Strike
1-1: Foul Ball, location: 2F
1-2: Ball
2-2: Foul Ball, location: 2F
2-2: Ball
3-2: Reached on error, E6 (Groundball, 6)
Batting: LHB Craig White 0-0: Ball
1-0: Foul Ball, location: 2F
1-1: Called Strike
1-2: Strikes out swinging
Batting: RHB Carlos Guevara 0-0: SINGLE (Line Drive, 9S)
Herb Newman to second
Batting: LHB Mike Pearson 0-0: Called Strike
0-1: Ball
1-1: Called Strike
1-2: Ball
2-2: Ball
3-2: SINGLE (Line Drive, 4MD)
Herb Newman to third
Carlos Guevara to second
Herb Newman scores
Carlos Guevara to third
Batting: SHB Bob Jordan 0-0: Ball
1-0: Ball
2-0: Ball
3-0: Swinging Strike
3-1: Swinging Strike
3-2: Foul Ball, location: 2F
3-2: Foul Ball, location: 2F
3-2: Base on Balls
Mike Pearson to second
Batting: RHB Kurt Hart 0-0: DOUBLE (Line Drive, 9LS)
Carlos Guevara scores
Mike Pearson scores
Bob Jordan to third
Batting: RHB Jerry Ward 0-0: SINGLE (Flyball, 6MD)
Bob Jordan scores
Kurt Hart to third
Runner from 3rd tries for Home, SAFE, no throw or cutoff
Pitching: LHP Ramón Polanco
Batting: SHB Michael Miller 0-0: Ball
1-0: Ball
2-0: Ball
3-0: Swinging Strike
3-1: Swinging Strike
3-2: Strikes out swinging
Bottom of the 4th over - 5 run(s), 4 hit(s), 1 error(s), 1 left on base; Michigan State 2 - Seton Hall 12
TOP OF THE 5TH
Michigan State Spartans batting - Pitching for Seton Hall Pirates : RHP Steve Taylor
Batting: SHB Edmond Richardson 0-0: Called Strike
0-1: Ball
1-1: Foul Ball, location: 2F
1-2: Strikes out swinging
Pitching: RHP Marvin Corbett
Batting: RHB Mike Copeland 0-0: Called Strike
0-1: Foul Ball, location: 2F
0-2: Ball
1-2: Strikes out looking
Batting: LHB Troy Jackson 0-0: Called Strike
0-1: SINGLE (Line Drive, 6MD)
Batting: SHB Wayne Matthews 0-0: Called Strike
0-1: Ball
1-1: Fly out, F7 (Line Drive, 7S)
Top of the 5th over - 0 run(s), 1 hit(s), 0 error(s), 1 left on base; Michigan State 2 - Seton Hall 12
BOTTOM OF THE 5TH
Seton Hall Pirates batting - Pitching for Michigan State Spartans : LHP Ramón Polanco
Batting: RHB Michael White 0-0: Ball
1-0: Called Strike
1-1: Foul Ball, location: 2F
1-2: Ball
2-2: Strikes out swinging
Batting: RHB Herb Newman 0-0: Called Strike
0-1: Ball
1-1: Ball
2-1: Foul Ball, location: 2F
2-2: Ball
3-2: Foul Ball, location: 2F
3-2: Base on Balls
Batting: LHB Craig White 0-0: Foul Ball, location: 2F
0-1: Ball
1-1: Ball
2-1: Called Strike
2-2: Ball
3-2: Fielders Choice at 2nd, 1-6 (Groundball, 15)
Batting: RHB Carlos Guevara 0-0: SINGLE (Groundball, 4D)
Craig White to second
Runner from 2nd tries for 3rd, SAFE, throw made to third
Batting: LHB Mike Pearson 0-0: Ball
1-0: SINGLE (Groundball, 56D)
Craig White scores
Carlos Guevara to second
Batting: SHB Bob Jordan 0-0: Ball
1-0: Fly out, F1 (Line Drive, 13)
Bottom of the 5th over - 1 run(s), 2 hit(s), 0 error(s), 2 left on base; Michigan State 2 - Seton Hall 13
TOP OF THE 6TH
Michigan State Spartans batting - Pitching for Seton Hall Pirates : RHP Marvin Corbett
Batting: LHB Raúl Casillán 0-0: Ball
1-0: SINGLE (Groundball, 13) (infield hit)
Batting: LHB Billy Anderson 0-0: Called Strike
0-1: SINGLE (Groundball, 4MD) (infield hit)
Raúl Casillán to second
Batting: RHB Juan García 0-0: Ball
Raúl Casillán steals 3rd base
Billy Anderson to second
1-0: Called Strike
1-1: Ball
2-1: Swinging Strike
2-2: Strikes out swinging
Batting: SHB Joe Hanson 0-0: Called Strike
0-1: Ball
1-1: Ball
2-1: Foul Ball, location: 2F
2-2: Strikes out swinging
Batting: RHB Donald Brampton 0-0: Ball
1-0: Ball
2-0: Called Strike
2-1: Foul Ball, location: 2F
2-2: Strikes out swinging
Top of the 6th over - 0 run(s), 2 hit(s), 0 error(s), 2 left on base; Michigan State 2 - Seton Hall 13
BOTTOM OF THE 6TH
Seton Hall Pirates batting - Pitching for Michigan State Spartans : LHP Ramón Polanco
Batting: RHB Kurt Hart 0-0: Ball
1-0: Swinging Strike
1-1: Swinging Strike
1-2: Foul Ball, location: 2F
1-2: Ball
2-2: Ball
3-2: Base on Balls
Pinch Hitting: RHB Will Catlett 0-0: Fly out, F5 (Popup, 5S)
Batting: SHB Michael Miller 0-0: Called Strike
0-1: Ball
1-1: Ball
2-1: Swinging Strike
2-2: Foul Ball, location: 2F
2-2: Ball
3-2: Base on Balls
Kurt Hart to second
Batting: RHB Michael White 0-0: Ball
1-0: Ball
2-0: Fielders Choice at 2nd, 6-4 (Groundball, 6)
Kurt Hart to third
Batting: RHB Herb Newman 0-0: 3-RUN HOME RUN (Flyball, 78XD), Distance : 388 ft
Pitching: RHP Bernie Poe
Batting: LHB Craig White 0-0: Called Strike
0-1: Ground out 1-3 (Groundball, 13)
Bottom of the 6th over - 3 run(s), 1 hit(s), 0 error(s), 0 left on base; Michigan State 2 - Seton Hall 16
TOP OF THE 7TH
Michigan State Spartans batting - Pitching for Seton Hall Pirates : RHP Marvin Corbett
Now at 3B: Will Catlett
Batting: SHB Edmond Richardson 0-0: Called Strike
0-1: Ball
1-1: Ball
2-1: Ball
3-1: Base on Balls
Batting: RHB Mike Copeland 0-0: Ball
1-0: Foul Ball, location: 2F
1-1: Ball
2-1: Ball
3-1: Base on Balls
Edmond Richardson to second
Pitching: RHP Johnny Monroe
Batting: LHB Troy Jackson 0-0: Called Strike
0-1: Foul Ball, location: 2F
0-2: Foul Ball, location: 2F
0-2: Ball
1-2: SINGLE (Line Drive, 78M)
Edmond Richardson to third
Mike Copeland to second
Batting: SHB Wayne Matthews 0-0: SINGLE (Line Drive, 56)
Edmond Richardson scores
Mike Copeland to third
Troy Jackson to second
Batting: LHB Raúl Casillán 0-0: Ball
1-0: Ball
2-0: Ball
3-0: Called Strike
3-1: Called Strike
3-2: Foul Ball, location: 2F
3-2: Reached on error, E4 (Groundball, 4)
Mike Copeland scores
Troy Jackson to third
Wayne Matthews to second
Batting: LHB Billy Anderson 0-0: Called Strike
0-1: Swinging Strike
0-2: Strikes out swinging
Batting: RHB Juan García 0-0: Called Strike
0-1: Swinging Strike
0-2: Ball
1-2: Ball
2-2: Strikes out swinging
Batting: SHB Joe Hanson 0-0: Called Strike
0-1: Fly out, F8 (Flyball, 8LM)
Top of the 7th over - 2 run(s), 2 hit(s), 1 error(s), 3 left on base; Michigan State 4 - Seton Hall 16
BOTTOM OF THE 7TH
Seton Hall Pirates batting - Pitching for Michigan State Spartans : RHP Bernie Poe
Batting: RHB Carlos Guevara 0-0: Called Strike
0-1: Ball
1-1: Ball
2-1: Foul Ball, location: 2F
2-2: Ball
3-2: Foul Ball, location: 2F
3-2: SINGLE (Groundball, 56D)
Batting: LHB Mike Pearson 0-0: Ball
1-0: Called Strike
1-1: Ball
2-1: Ball
3-1: Base on Balls
Carlos Guevara to second
Batting: SHB Bob Jordan 0-0: Swinging Strike
0-1: Bunted foul
0-2: Ball
1-2: Foul Ball, location: 2F
1-2: Ball
2-2: Ground out 4-3 (Groundball, 4M)
Carlos Guevara to third
Mike Pearson to second
Batting: RHB Kurt Hart 0-0: Called Strike
0-1: SINGLE (Line Drive, 9S)
Carlos Guevara scores
Mike Pearson to third
Runner from 3rd tries for Home, SAFE, throw made home
Kurt Hart to second
Batting: RHB Will Catlett 0-0: Called Strike
0-1: Ball
Kurt Hart steals 3rd base
1-1: Swinging Strike
1-2: Ground out 5-3 (Groundball, 56)
Kurt Hart scores
Pitching: LHP Bob Nash
Batting: SHB Michael Miller 0-0: Fly out, F8 (Flyball, 8RM)
Bottom of the 7th over - 3 run(s), 2 hit(s), 0 error(s), 0 left on base; Michigan State 4 - Seton Hall 19
TOP OF THE 8TH
Michigan State Spartans batting - Pitching for Seton Hall Pirates : RHP Johnny Monroe
Now in RF: Juan Hinojosa
Pinch Hitting: RHB David Bautista 0-0: Ball
1-0: Ball
2-0: Ball
3-0: Base on Balls
Batting: SHB Edmond Richardson 0-0: Called Strike
0-1: SINGLE (Groundball, 4M)
David Bautista to second
Batting: RHB Mike Copeland 0-0: Fly out, F9 (Flyball, 89S)
Batting: LHB Troy Jackson 0-0: Called Strike
0-1: Foul Ball, location: 2F
0-2: Ball
1-2: Foul Ball, location: 2F
1-2: Strikes out swinging
Batting: SHB Wayne Matthews 0-0: Foul Ball, location: 2F
0-1: Ball
1-1: Ball
2-1: Foul Ball, location: 2F
2-2: Fielders Choice at 2nd, U6 (Groundball, 6M)
Top of the 8th over - 0 run(s), 1 hit(s), 0 error(s), 2 left on base; Michigan State 4 - Seton Hall 19
BOTTOM OF THE 8TH
Seton Hall Pirates batting - Pitching for Michigan State Spartans : LHP Bob Nash
Now at 2B: David Bautista
Batting: RHB Michael White 0-0: Ball
1-0: Fly out, F9 (Flyball, 9M)
Batting: RHB Herb Newman 0-0: Fly out, F9 (Flyball, 9LS)
Batting: LHB Craig White 0-0: Fly out, F9 (Flyball, 9LD)
Bottom of the 8th over - 0 run(s), 0 hit(s), 0 error(s), 0 left on base; Michigan State 4 - Seton Hall 19
TOP OF THE 9TH
Michigan State Spartans batting - Pitching for Seton Hall Pirates : RHP Johnny Monroe
Pitching: RHP Francisco Villanueva
Now at C: Dave Barrett
Batting: LHB Raúl Casillán 0-0: Called Strike
0-1: Ball
1-1: Ball
2-1: Ball
3-1: Base on Balls
Batting: LHB Billy Anderson 0-0: Ball
1-0: SINGLE (Popup, 6D)
Raúl Casillán to second
Batting: RHB Juan García 0-0: Called Strike
0-1: Called Strike
0-2: Foul Ball, location: 2F
0-2: Strikes out swinging
Batting: SHB Joe Hanson 0-0: Called Strike
0-1: Foul Ball, location: 2F
0-2: Ball
1-2: Ball
2-2: 3-RUN HOME RUN (Flyball, 9D), Distance : 354 ft
Batting: RHB David Bautista 0-0: Called Strike
0-1: Ball
1-1: Foul Ball, location: 2F
1-2: SOLO HOME RUN (Flyball, 7D), Distance : 343 ft
Pitching: RHP Britt Hall
Batting: SHB Edmond Richardson 0-0: Ball
1-0: Called Strike
1-1: Called Strike
1-2: Ball
2-2: Ball
3-2: Strikes out swinging
Batting: RHB Mike Copeland 0-0: Ground out 6-3 (Groundball, 6M)
Top of the 9th over - 4 run(s), 3 hit(s), 0 error(s), 0 left on base; Michigan State 8 - Seton Hall 19
This league is powered by Out of the Park Baseball, the baseball management simulation game for PC, Mac and Linux
Wednesday, December 2nd, 2015 - OOTP Baseball 16.8 Build 38